 Dungeon Crawl Stone Soup version 0.28.0-43-g3370ac3207 (webtiles) character file.

Game seed: 15606039372192173515

91 joshe the Firebug (level 4, 0/39 HPs)
             Began as an Ogre Fire Elementalist on Mar 2, 2022.
             Slain by an orc priest
             ... wielding a +0 falchion
              (2 damage)
             ... on level 3 of the Dungeon.
             The game lasted 00:13:47 (3175 turns).

joshe the Firebug (Ogre Fire Elementalist)          Turns: 3175, Time: 00:13:48

Health: 0/39       AC:  5    Str: 12    XL:     4   Next: 59%
Magic:  2/7        EV:  9    Int: 18    God:
Gold:   146        SH:  0    Dex:  9    Spells: 1/7 levels left

rFire   . . .      SeeInvis .   j - +0 quarterstaff
rCold   . . .      Faith    .   (shield currently unavailable)
rNeg    . . .      Spirit   .   a - +0 robe
rPois   .          Reflect  .   q - +2 hat
rElec   .          Harm     .   (no cloak)
rCorr   .          Rampage  .   (gloves unavailable)
Will    .....                   (boots unavailable)
Stlth   +.........              (no amulet)
HPRegen 0.13/turn               k - +4 ring of slaying
MPRegen 0.10/turn               (no ring)

@: attractive
A: large, unfitting armour, tough skin 1
a: no special abilities


You were on level 3 of the Dungeon.
You visited 1 branch of the dungeon, and saw 3 of its levels.

You collected 146 gold pieces.

Inventory:

Hand Weapons
 d - a +4 dagger
 j - a +0 quarterstaff (weapon)
 r - the +7 hunting sling of the Doomed Warrior {freeze, Will+ Str+4 Int-5}
   (You found it on level 3 of the Dungeon)

   Any ammunition fired from it freezes those it strikes, dealing additional
   cold damage.
   It can also slow down cold-blooded creatures.
   Str:       It affects your strength (+4).
   Int:       It affects your intelligence (-5).
   Will:      It increases your willpower.
Missiles
 l - 17 poisoned darts
Armour
 a - a +0 robe (worn)
 q - a +2 hat (worn)
Magical Staves
 m - a staff of cold
Jewellery
 k - a +4 ring of slaying (left hand)
Scrolls
 b - a scroll of fear {unknown}
 e - a scroll of noise {unknown}
 f - 3 scrolls of identify {unknown}
 h - 2 scrolls of fog {unknown}
 i - 3 scrolls of magic mapping {unknown}
 p - a scroll of holy word {unknown}
Potions
 c - a potion of magic {unknown}
 g - a potion of attraction
 n - a potion of curing {unknown}
 o - a potion of lignification {unknown}
 s - a potion of might {unknown}


   Skills:
 - Level 1.7 Dodging
 - Level 1.4 Stealth
 - Level 2.4 Spellcasting
 - Level 0.8 Conjurations
 * Level 4.7 Fire Magic


You had one spell level left.
You knew the following spells:

 Your Spells              Type           Power      Damage    Failure   Level
a - Foxfire               Conj/Fire      48%        2x1d6     5%          1
b - Scorch                Fire           38%        2d7       3%          2
c - Conjure Flame         Conj/Fire      12%        6-21      16%         3

Your spell library contained the following spells:

 Spells                   Type           Power      Damage    Failure   Level
 Inner Flame              Hex/Fire       10%        N/A       21%         3
 Flame Wave               Conj/Fire      12%        2d6       47%         4


Dungeon Overview and Level Annotations

Branches:
Dungeon (3/15)

Altars:
The Shining One


Innate Abilities, Weirdness & Mutations

You are too large for most types of armour.
You have tough skin. (AC +1)


Message History

An orc and 2 orc priests come into view.
The orc priest shouts! x2
You conjure some foxfire!
The orc priest begins to cast a cantrip, but forgets the words!
There is not enough space to conjure foxfire!
The foxfire hits the orc priest.
The orc priest is lightly wounded.
The foxfire hits the orc priest.
The orc priest is moderately wounded.
You conjure some foxfire!
The orc priest mumbles some strange prayers to Beogh against you.
Beogh smites you!
The foxfire hits the orc priest.
The orc priest is heavily wounded.
The foxfire hits the orc priest.
The orc priest is almost dead.
The orc priest calls upon Beogh to heal the orc priest.
The orc priest is healed somewhat.
The orc priest invokes the aid of Beogh against you.
Beogh smites you!
Casting: Foxfire (safe; 5% risk of failure)
Confirm with . or Enter, or press ? or * to list all spells.
Flames lash the orc.
You kill the orc!
The orc priest hits you with a +0 falchion.
* * * LOW HITPOINT WARNING * * *
Unknown command.
Casting: Scorch (safe; 3% risk of failure)
Confirm with . or Enter, or press ? or * to list all spells.
Flames lash the orc priest.
The orc priest is moderately wounded.
The orc priest's fire resistance burns away.
The orc priest closely misses you.
The orc priest calls down the wrath of Beogh upon you.
Beogh smites you!
* * * LOW HITPOINT WARNING * * *
It was a potion of attraction.
You feel attractive to monsters.
The orc priest hits you with a +0 falchion.
You die...

####### #####..... ###
......... #.. .o.oo...#####
#.# #.....# #### #.# #o...##
#... #.# #.#### #... #.#
############.# ##...
#.###.......@o)o.# ##.... #
#..#..##################..##.
######...## #........###.
........## #.######## #.
..#####.# ##.# ###. #.## #.#
#.># #... #..# #.# #.##
#####.## ##.####.# ####.#
#....... #...##.# #....#
#.......


You could see 2 orc priests.

Vanquished Creatures
  3 adders
  A dart slug (D:1)
  2 orcs (D:3)
  7 bats
  6 endoplasms
  3 giant cockroaches
  8 goblins
  2 hobgoblins (D:2)
  3 jackals (D:3)
  4 quokkas
  4 ball pythons
  A frilled lizard (D:1)
  5 kobolds
  9 rats
58 creatures vanquished.

Vanquished Creatures (others)
  159 foxfires
159 creatures vanquished.

Grand Total: 217 creatures vanquished

Notes
Turn   | Place    | Note
-------+----------+-------------------------------------------
     0 | D:1      | joshe the Ogre Fire Elementalist began the quest for the
                  | Orb.
     0 | D:1      | Reached XP level 1. HP: 16/16 MP: 3/3
   229 | D:1      | Reached skill level 3 in Fire Magic
   419 | D:1      | Reached XP level 2. HP: 24/24 MP: 3/5
   422 | D:1      | Learned a level 2 spell: Scorch
   850 | D:1      | Reached XP level 3. HP: 26/31 MP: 1/6
  1406 | D:2      | Reached skill level 4 in Fire Magic
  1893 | D:2      | Learned a level 3 spell: Conjure Flame
  1963 | D:2      | Reached XP level 4. HP: 39/39 MP: 4/7
  2711 | D:3      | Found a glowing golden altar of the Shining One.
  2821 | D:3      | Found a faded altar of an unknown god.
  3056 | D:3      | Identified the +7 hunting sling of the Doomed Warrior
                  | {freeze, Will+ Str+4 Int-5}
  3175 | D:3      | Slain by an orc priest

Illustrated notes

Levels and vault maps discovered:
D:1:      sevenhm_arrival_forest_fort_large_4, layout_rooms
D:2:      layout_rooms, minivault_14
D:3:      layout_rooms, nicolae_tso_carved_into_rock,
          chequers_ecumenical_altar_island, minmay_pentangle

Skill      XL: |  1  2  3 |
---------------+----------+-----
Fire Magic     | 3 4 |  4.7
Dodging        | |  1.7
Stealth        | |  1.4
Spellcasting   | |  2.4
Conjurations   | |  0.8

Action                   |  1- 3 |  4- 6 || total
-------------------------+-------+-------++-------
Melee: Dagger            |     1 |       ||     1
 Cast: Foxfire           |    69 |    26 ||    95
       Scorch            |       |     2 ||     2
  Use: Potion            |       |     1 ||     1
Armor: Robe              |     5 |       ||     5
Dodge: Dodged            |    14 |     3 ||    17
